AoeStats
← SuuSamuraii

Black Forest

510041010Analyzed
2v2 RM · 2d ago on Sep 29, 2026· 72m 39s· 4 players
Game mode
Random Map
Map size
Medium (4 player)
Population
200
Speed
Normal
Resources
Standard
Victory
Conquest
Starting age
Dark Age
Ending age
Imperial Age
RankedLock teamsTeams togetherTeam positionsShared explorationLock speedFull tech treeHidden civsTurbo modeCheats
Victory
Defeat
🇨🇦 Japanese · Canada
799
+14
🇨🇦 Teutons · Canada
759
+15
🇹🇷 Bohemians · Türkiye
753
-15
🇳🇮 Saracens · Nicaragua
734
-14
chingon
0:44 Loom
14:56 Feudal Age
16:02 Double-Bit Axe
16:00 Horse Collar
22:14 Castle Age
23:12 Stone Mining
25:11 Squires
24:57 Arson
26:42 Fortified Wall
25:56 Pikeman
26:21 Gambesons
29:24 Town Watch
29:33 Gambesons
31:00 Town Patrol
33:17 Thumb Ring
36:04 Elite Skirmisher
41:23 Imperial Age
40:19 Wheelbarrow
40:02 Bow Saw
42:56 Hand Cart
42:50 Scale Barding Armor
42:56 Forging
42:36 Fletching
42:47 Padded Archer Armor
43:52 Two-Man Saw
45:14 Caravan
46:30 Chain Barding Armor
46:46 Iron Casting
46:07 Bodkin Arrow
46:27 Leather Archer Armor
46:38 Ballistics
46:53 Husbandry
47:08 Bloodlines
47:05 Heavy Camel Rider
49:10 Bracer
50:11 Blast Furnace
49:46 Plate Barding Armor
54:01 Chemistry
53:08 Siege Engineers
58:13 Plate Barding Armor
58:08 Ring Archer Armor
58:15 Ring Archer Armor
66:58 Crossbowman
71:13 Arbalester
DUREX
0:36 Loom
11:45 Feudal Age
12:12 Double-Bit Axe
16:51 Wheelbarrow
20:00 Horse Collar
24:02 Castle Age
22:55 Arson
25:15 Pikeman
25:55 Squires
32:39 Hand Cart
33:09 Bow Saw
34:04 Heavy Plow
36:58 Caravan
41:11 Imperial Age
39:22 Ballistics
41:20 Chemistry
41:38 Halberdier
44:11 Two-Man Saw
43:24 Wagenburg Tactics
45:02 Houfnice
45:55 Siege Engineers
48:30 Conscription
49:29 Murder Holes
49:45 Fortified Wall
49:45 Masonry
60:57 Elite Skirmisher
Albast6718
0:27 Loom
14:01 Feudal Age
15:29 Wheelbarrow
19:56 Castle Age
21:20 Double-Bit Axe
23:13 Horse Collar
23:41 Gold Mining
28:41 Wheelbarrow
28:59 Bow Saw
32:11 Hand Cart
33:01 Heavy Plow
39:24 Imperial Age
40:54 Conscription
43:16 Elite Teutonic Knight
44:12 Forging
45:57 Iron Casting
45:25 Scale Mail Armor
48:05 Squires
47:51 Arson
49:35 Blast Furnace
48:57 Chain Mail Armor
48:48 Town Watch
52:42 Plate Mail Armor
52:42 Cavalier
53:33 Bloodlines
54:07 Scale Barding Armor
54:32 Paladin
55:50 Chain Barding Armor
57:29 Plate Barding Armor
59:07 Caravan
60:34 Fletching
65:43 Padded Archer Armor
65:39 Bodkin Arrow
66:09 Ballistics
66:50 Chemistry
66:03 Fortified Wall
66:04 Masonry
66:25 Siege Engineers
67:21 Chemistry
66:32 Fortified Wall
66:36 Masonry
67:48 Coinage
67:29 Guilds
67:36 Guilds
67:59 Elite Skirmisher
69:28 Banking
70:25 Leather Archer Armor
SuuSamuraii
7:44 Loom
11:58 Feudal Age
12:39 Double-Bit Axe
18:11 Castle Age
25:11 Wheelbarrow
31:17 Fortified Wall
32:59 Hand Cart
35:41 Imperial Age
33:13 Gold Mining
35:10 Hand Cart
35:28 Bow Saw
36:46 Conscription
36:41 Horse Collar
37:57 Squires
37:46 Arson
37:26 Pikeman
38:01 Fletching
39:35 Stone Mining
40:03 Masonry
41:00 Two-Man Saw
42:47 Fishing Lines
43:01 Town Watch
42:40 Onager
43:27 Caravan
43:58 Coinage
43:57 Careening
43:44 Murder Holes
44:06 Forging
44:15 Elite Samurai
45:28 Scale Mail Armor
46:24 Gold Shaft Mining
46:20 Heavy Plow
47:14 Iron Casting
48:44 Bodkin Arrow
51:50 Blast Furnace
50:52 Bracer
50:53 Padded Archer Armor
51:09 Chain Mail Armor
50:53 Elite Skirmisher
51:38 Thumb Ring
55:27 Yasama
56:03 Hoardings
56:33 Chemistry
55:55 Ballistics
56:00 Leather Archer Armor
56:16 Plate Mail Armor
58:53 Ring Archer Armor
58:29 Scale Barding Armor
68:11 Arrowslits
Connection lost

Rejoining the realm…

Still unreachable

The connection could not be restored.

Session expired

The server has moved on; the page needs a fresh start.